 Dungeon Crawl Stone Soup version 0.30-a0-778-g2ef04afb54 (webtiles) character file.

Game seed: 18095176872815190190

30026 cheesebisquit the Marksgargoyle (level 13, -37/88 HPs)
             Began as a Gargoyle Hunter on Feb 16, 2023.
             Was the Champion of Okawaru.
             Annihilated by an enormous slime creature (50 damage)
             ... on level 14 of the Dungeon.
             The game lasted 00:44:49 (12655 turns).

cheesebisquit the Marksgargoyle (Gargoyle Hunter)  Turns: 12655, Time: 00:44:50

Health: -37/88     AC: 27    Str: 14    XL:     13   Next: 49%
Magic:  22/22      EV: 12    Int: 12    God:    Okawaru [******]
Gold:   863        SH:  0    Dex: 24    Spells: 12/12 levels left

rFire   . . .      SeeInvis .    l - +4 triple crossbow (flame)
rCold   + . .      Faith    .    (shield currently unavailable)
rNeg    + + .      Spirit   .    K - +0 acid dragon scales
rPois   ∞          Reflect  .    i - +1 helmet
rElec   +          Harm     .    E - +2 ratskin cloak {*Rats rPois rN+ Str-1 Int-1 Dex+1}
rCorr   +          Rampage  .    o - +1 pair of gloves
Will    .....                    x - +0 pair of boots {Fly}
Stlth   +                        (no amulet)
HPRegen 0.34/turn                f - ring of Ymidixka {rC+ MP+9 Int+2 Dex+6 Stlth-}
MPRegen 0.18/turn                G - +4 ring of slaying

@: flying
A: sickness immunity, AC +9, negative energy resistance 1, electricity
resistance, torment resistance 1, petrification resistance
a: Renounce Religion, Heroism, Finesse, Duel


You were on level 14 of the Dungeon.
You worshipped Okawaru.
Okawaru was exalted by your worship.
You visited 2 branches of the dungeon, and saw 14 of its levels.
You also visited: Ice Cave.

You collected 917 gold pieces.
You spent 54 gold pieces at shops.

Inventory:

Hand Weapons
 a - a +2 antimagic shortbow
 l - a +4 triple crossbow of flaming (weapon)
 L - a +0 arbalest of freezing
 N - a +2 shortbow of freezing
Missiles
 d - 11 poisoned darts
 q - a throwing net
 H - 7 curare-tipped darts
Armour
 i - a +1 helmet (worn)
 o - a +1 pair of gloves (worn)
 x - a +0 pair of boots of flying (worn)
 E - the +2 ratskin cloak (worn) {*Rats rPois rN+ Str-1 Int-1 Dex+1}
   (You found it on level 11 of the Dungeon)

   *Rats:     When the wearer is hurt, rats may emerge from it to assist them.
   Str:       It affects your strength (-1).
   Int:       It affects your intelligence (-1).
   Dex:       It affects your dexterity (+1).
   rPois:     It protects you from poison.
   rN:        It protects you from negative energy.
 K - +0 acid dragon scales (worn)
 M - a +1 buckler of cold resistance
Jewellery
 f - the ring of Ymidixka (left hand) {rC+ MP+9 Int+2 Dex+6 Stlth-}
   (You found it on level 9 of the Dungeon)

   [ring of dexterity]

   Int:       It affects your intelligence (+2).
   Dex:       It affects your dexterity (+6).
   rC:        It protects you from cold.
   MP:        It affects your magic capacity (+9).
   Stlth:     It makes you less stealthy.
 m - a +6 ring of dexterity
 C - an amulet of faith
 G - a +4 ring of slaying (right hand)
 O - a ring of willpower
Wands
 c - a wand of paralysis (20)
 n - a wand of roots (22)
 y - a wand of mindburst (8)
 B - a wand of acid (18)
 J - a wand of digging (6)
Scrolls
 b - 5 scrolls of immolation
 g - 3 scrolls of poison
 h - 2 scrolls of amnesia
 k - a scroll of silence
 r - a scroll of brand weapon
 t - 4 scrolls of teleportation
 u - a scroll of vulnerability
 v - a scroll of torment
 w - 2 scrolls of fear
 D - 2 scrolls of magic mapping
 P - 2 scrolls of identify
Potions
 e - a potion of attraction
 p - 2 potions of mutation
 s - 5 potions of might
 z - 3 potions of curing
 A - 3 potions of flight
 F - 3 potions of berserk rage
 I - 5 potions of ambrosia


   Skills:
 + Level 13.5 Fighting
 * Level 17.3 Ranged Weapons
 + Level 9.3 Armour
 - Level 1.5 Dodging
 - Level 1.1 Stealth


You had 12 spell levels left.
You didn't know any spells.
Your spell library contained the following spells:

 Spells                   Type           Power      Damage    Failure   Level
 Beastly Appendage        Tmut           0%         N/A       41%         1
 Kiss of Death            Conj/Necr      0%         2d5       41%         1
 Necrotise                Necr           0%         1d4       41%         1
 Wereblood                Tmut           0%         N/A       54%         2
 Confusing Touch          Hex            0%         N/A       78%         3
 Spider Form              Tmut/Pois      0%         N/A       78%         3
 Vampiric Draining        Necr           0%         2d6       78%         3
 Dispel Undead            Necr           0%         3d6       99%         4
 Agony                    Necr           0%         N/A       100%        5
 Blade Hands              Tmut           0%         N/A       100%        5
 Iron Shot                Conj/Erth      0%         9d1       100%        6
 Animate Armour           Summ/Erth      Unusable   N/A       N/A         4

Dungeon Overview and Level Annotations

Branches:
Dungeon (14/15)            Temple (1/1) D:7            Lair (0/5) D:8
  IceCv (visited)
    Orc: D:9-12      Vaults: D:13-14

Altars:
Ashenzari
Cheibriados
Dithmenos
Elyvilon
Fedhas
Gozag
Hepliaklqana
Kikubaaqudgha
Makhleb
Nemelex Xobeh
Okawaru
Qazlal
Ru
Sif Muna
Trog
Uskayaw
Vehumet
Wu Jian
Xom
Yredelemnul
Zin
The Shining One

Shops:
D:1 [   D:7 :


Innate Abilities, Weirdness & Mutations

You are immune to sickness and miasma.
Your stone body is resilient. (AC +9)
You are immune to poison.
You resist negative energy. (rN+)
You are resistant to electric shocks. (rElec)
You are resistant to unholy torment.
You are immune to petrification.


Message History

The green ugly thing is heavily wounded.
The green ugly thing stings you.
* * * LOW HITPOINT WARNING * * *
The slime creature misses you.
Two slime creatures merge to form a very large slime creature.
The green ugly thing barely misses you.
A slime creature comes into view.
There is an open door here.
Fire: l) +4 triple crossbow (flame)
Press: ? - help, Q - select action, (/) - cycle Shift-Dir - straight line, f/p - green ugly thing
Aim: a green ugly thing (moderately wounded, 77% to hit)
You shoot a bolt. The bolt hits the green ugly thing!
The bolt burns the green ugly thing.
The green ugly thing is heavily wounded.
The green ugly thing stings you.
* * * LOW HITPOINT WARNING * * *
The green ugly thing stings you but does no damage.
Fire: l) +4 triple crossbow (flame)
Press: ? - help, Q - select action, (/) - cycle Shift-Dir - straight line, f/p - green ugly thing
Aim: a green ugly thing (heavily wounded, 77% to hit)
You shoot a bolt. The bolt hits the green ugly thing!!!
The bolt burns the green ugly thing!
You kill the green ugly thing!
Okawaru accepts your kill.
You feel much better.
The large slime creature hits you but does no damage.
Two slime creatures merge to form a very large slime creature.
Two slime creatures merge to form an enormous slime creature.
Fire: l) +4 triple crossbow (flame)
Press: ? - help, Q - select action, (/) - cycle Shift-Dir - straight line, f - enormous slime creature
Aim: an enormous slime creature (89% to hit)
You shoot a bolt.
The bolt hits the enormous slime creature!!
The bolt burns the enormous slime creature.
The enormous slime creature is lightly wounded.
The enormous slime creature hits you!!
* * * LOW HITPOINT WARNING * * *
The enormous slime creature hits you!!!
Ouch! That really hurt!
You die...

#.. ..# #..###### #.. #..#
#..# #.. #####..# #..# #..
......# #..#
####..###.#...#### #..#
#................# #..#
...#...#...#...#.# #..#
.....###.....###..#####..#
.... #(#.#...#@#.))......#
...J.##'.....J##.........#
#.†[#####..[#.#####..#
........# #.....# #..#
......†.# #..#### #..#
..(..?..# #.....# #..#
....#...# #...#.# #..#
.....##'. .+##. # #...
..... $#. #. .#


You could see an enormous slime creature.

Vanquished Creatures
  A frost giant (IceCv)
  Fannar (D:10)
  2 centaur warriors
  5 death yaks (IceCv)
  5 two-headed ogres
  2 tengu warriors (D:14)
  5 skeletal warriors (D:14)
  3 manticores
  6 ugly things
  A cyclops (D:13)
  An ice statue (IceCv)
  An unseen horror (D:11)
  Psyche (D:10)
  6 rime drakes (IceCv)
  2 ice devils (D:13)
  5 polar bears (IceCv)
  2 trolls
  5 wraiths
  19 yaks
  Eustachio (D:4)
  A basilisk (D:13)
  2 steam dragons (D:6)
  5 vampire mosquitoes
  2 acid dragons
  Edmund (D:6)
  2 water moccasins
  2 sky beasts
  An orc warrior (D:9)
  4 ice beasts
  An ogre (D:7)
  5 centaurs
  10 wolves (IceCv)
  Blork the orc (D:4)
  A bullfrog (D:7)
  3 kobold brigands
  A gnoll sergeant (D:9)
  A scorpion (D:4)
  A necrophage (D:6)
  24 killer bees
  4 howler monkeys
  A jelly (D:8)
  8 orc priests
  Crazy Yiuf (D:3)
  A gnoll bouda (D:7)
  Terence (D:3)
  6 iguanas
  2 orc wizards (D:4)
  Robin (D:3)
  9 gnolls
  9 adders
  2 white imps
  5 dart slugs
  21 orcs
  A bat skeleton (D:2)
  4 endoplasms
  2 giant cockroaches
  8 hobgoblins
  3 jackals (D:3)
  20 kobolds
  5 quokkas
  4 ball pythons
  2 ball python skeletons (D:2)
  A ball python zombie (D:2)
  6 bats
  3 frilled lizards
  18 goblins
  A jackal skeleton (D:2)
  A quokka zombie (D:2)
  7 rats
299 creatures vanquished.

Vanquished Creatures (collateral kills)
  A black bear (D:1)
1 creature vanquished.

Vanquished Creatures (others)
  12 plants (D:4)
12 creatures vanquished.

Grand Total: 312 creatures vanquished

Notes
Turn   | Place    | Note
-------+----------+-------------------------------------------
     0 | D:1      | cheesebisquit the Gargoyle Hunter began the quest for the
                  | Orb.
     0 | D:1      | Reached XP level 1. HP: 12/12 MP: 1/1
   226 | D:1      | Found Ratuipna's Armour Shoppe.
   233 | D:1      | Bought a +0 helmet for 54 gold pieces
   282 | D:1      | Reached XP level 2. HP: 18/18 MP: 2/2
   438 | D:1      | Found a faded altar of an unknown god.
   947 | D:2      | Reached XP level 3. HP: 19/22 MP: 3/3
  1236 | D:2      | Reached skill level 5 in Ranged Weapons
  1326 | D:2      | Reached XP level 4. HP: 28/28 MP: 4/4
  1701 | D:3      | Noticed Robin
  1720 | D:3      | Noticed a black bear
  1756 | D:1      | Killed a black bear
  1757 | D:1      | Reached XP level 5. HP: 8/33 MP: 5/5
  1959 | D:3      | Reached skill level 6 in Ranged Weapons
  2062 | D:3      | Noticed a water moccasin
  2072 | D:3      | Killed a water moccasin
  2073 | D:3      | Reached XP level 6. HP: 39/39 MP: 6/6
  2112 | D:3      | Killed Robin
  2212 | D:3      | Found a runed translucent door.
  2213 | D:3      | Noticed Crazy Yiuf
  2249 | D:3      | Noticed Terence
  2272 | D:3      | HP: 1/39 [constriction (3)]
  2276 | D:3      | Killed Terence
  2622 | D:3      | Killed Crazy Yiuf
  2777 | D:4      | Reached skill level 7 in Ranged Weapons
  2796 | D:4      | Reached XP level 7. HP: 40/44 MP: 7/7
  2822 | D:4      | Noticed Blork the orc
  3045 | D:4      | Reached skill level 5 in Fighting
  3558 | D:4      | Killed Blork the orc
  3754 | D:4      | Noticed Eustachio
  3790 | D:4      | Killed Eustachio
  3791 | D:4      | Reached skill level 8 in Ranged Weapons
  4434 | D:5      | Entered Level 5 of the Dungeon
  4480 | D:5      | Reached XP level 8. HP: 51/51 MP: 8/8
  5193 | D:6      | Noticed Edmund
  5203 | D:6      | Killed Edmund
  5352 | D:6      | Reached skill level 9 in Ranged Weapons
  5702 | D:6      | Found a hide-covered altar of Uskayaw.
  5775 | D:6      | Noticed a +0 hand axe
  5775 | D:6      | Noticed a +0 hand axe
  6115 | D:7      | Found a basalt altar of Yredelemnul.
  6117 | D:7      | Found a glowing silver altar of Zin.
  6126 | D:7      | Reached skill level 10 in Ranged Weapons
  6126 | D:7      | Reached XP level 9. HP: 57/57 MP: 9/9
  6169 | D:7      | Found a shimmering blue altar of Sif Muna.
  6171 | D:7      | Found a snail-covered altar of Cheibriados.
  6171 | D:7      | Found a shadowy altar of Dithmenos.
  6173 | D:7      | Found a sacrificial altar of Ru.
  6173 | D:7      | Found a sparkling altar of Nemelex Xobeh.
  6406 | D:7      | Found Fitel's Book Shoppe.
  6584 | D:7      | Found a staircase to the Ecumenical Temple.
  6593 | Temple   | Entered the Ecumenical Temple
  6712 | Temple   | Became a worshipper of Warmaster Okawaru
  6788 | D:7      | Found a burning altar of Makhleb.
  6793 | D:7      | Reached skill level 11 in Ranged Weapons
  7184 | D:7      | Reached * piety under Okawaru
  7386 | D:8      | Found a staircase to the Lair.
  7693 | D:8      | Reached XP level 10. HP: 61/66 MP: 3/10
  7695 | D:8      | Reached skill level 12 in Ranged Weapons
  7700 | D:8      | Noticed a two-headed ogre
  7710 | D:8      | HP: 3/66 [two-headed ogre/+0 giant club (11)]
  7976 | D:8      | Killed a two-headed ogre
  7976 | D:8      | Reached ** piety under Okawaru
  8377 | D:9      | Noticed a two-headed ogre
  8384 | D:9      | Killed a two-headed ogre
  8385 | D:9      | Reached skill level 13 in Ranged Weapons
  8388 | D:9      | Reached skill level 10 in Fighting
  8603 | D:9      | Noticed a two-headed ogre
  8611 | D:9      | Killed a two-headed ogre
  8611 | D:9      | Reached *** piety under Okawaru
  8612 | D:9      | Reached skill level 1 in Armour
  8869 | D:9      | Reached **** piety under Okawaru
  8904 | D:9      | Reached XP level 11. HP: 73/73 MP: 11/11
  8914 | D:9      | Identified the ring of Ymidixka {rC+ MP+9 Int+2 Dex+6
                  | Stlth-}
  9178 | D:10     | Entered Level 10 of the Dungeon
  9215 | D:10     | Noticed a two-headed ogre
  9218 | D:10     | Killed a two-headed ogre
  9320 | D:10     | Reached skill level 14 in Ranged Weapons
  9321 | D:10     | Noticed Fannar
  9331 | D:10     | Killed Fannar
  9331 | D:10     | Reached ***** piety under Okawaru
  9426 | D:10     | Noticed Psyche
  9428 | D:10     | Killed Psyche
  9441 | D:10     | Identified the +7 quarterstaff of Eruzoc {freeze, Dex+5}
                  | (Okawaru gifted it to you on level 10 of the Dungeon)
  9441 | D:10     | Received a gift from Okawaru
 10038 | D:11     | Reached skill level 5 in Armour
 10052 | D:11     | Found the +2 ratskin cloak {*Rats rPois rN+ Str-1 Int-1
                  | Dex+1}
 10308 | D:11     | You fall into a shaft and drop 2 floors!
 10407 | D:13     | Noticed a cyclops
 10409 | D:13     | Killed a cyclops
 10543 | D:13     | Found a frozen archway.
 10553 | IceCv    | Entered an ice cave
 10583 | IceCv    | Noticed a death yak
 10585 | IceCv    | Received a gift from Okawaru
 10586 | IceCv    | Reached skill level 15 in Ranged Weapons
 10590 | IceCv    | Reached XP level 12. HP: 76/80 MP: 12/12
 10594 | IceCv    | Killed a death yak
 10795 | IceCv    | Noticed a death yak
 10807 | IceCv    | Killed a death yak
 10877 | IceCv    | Noticed a death yak
 10879 | IceCv    | Noticed a death yak
 10884 | IceCv    | Killed a death yak
 10891 | IceCv    | Killed a death yak
 10965 | IceCv    | Noticed a death yak
 10965 | IceCv    | Noticed a frost giant
 10975 | IceCv    | Killed a death yak
 10987 | IceCv    | Killed a frost giant
 10988 | IceCv    | Reached skill level 16 in Ranged Weapons
 11168 | IceCv    | Received a gift from Okawaru
 11283 | IceCv    | Reached ****** piety under Okawaru
 11654 | D:13     | Noticed a centaur warrior
 11657 | D:13     | Killed a centaur warrior
 12189 | D:14     | Noticed a tengu warrior
 12191 | D:14     | Killed a tengu warrior
 12191 | D:14     | Noticed a tengu warrior
 12192 | D:14     | Reached XP level 13. HP: 87/87 MP: 13/13
 12196 | D:14     | Found a radiant altar of Vehumet.
 12218 | D:14     | Reached skill level 17 in Ranged Weapons
 12638 | D:14     | Identified the +1 buckler of the Desert {rElec Will-
                  | Regen+} (Okawaru gifted it to you on level 14 of the
                  | Dungeon)
 12638 | D:14     | Received a gift from Okawaru
 12655 | D:14     | Annihilated by an enormous slime creature

Illustrated notes

Levels and vault maps discovered:
D:1:      scummos_arrival_checkerplants, layout_loops_ring, serial_shops, shop,
          basic_ecumenical_altar
D:2:      layout_loops_corners, serial_undead, serial_undead_b, serial_undead_b,
          serial_undead_e, serial_undead_a, serial_undead_e, serial_undead_b
D:3:      layout_rooms, minmay_vboxes, uniq_robin, uniq_terence,
          uniq_crazy_yiuf_cottage
D:4:      layout_basic, chequers_big_river, uniq_blork_the_orc, uniq_eustachio
D:5:      layout_loops_ring
D:6:      layout_gridville, dancing_weapons_uskayaw, uniq_edmund
D:7:      layout_cave_pools, grunt_temple_overflow_open,
          minmay_temple_entry_junction_2, serial_shops, shop,
          david_defended_altar_orc
D:8:      layout_rooms, dpeg_oklobed_lair, serial_park_tiny_pond,
          kennysheep_generic_room_16
D:9:      layout_irregular_city, evilmike_minifort
D:10:     layout_roguey, skrybe_limestone_x, due_unseen_surprise, uniq_fannar,
          uniq_psyche
D:11:     layout_basic, minmay_guarded_unrand_finisher
D:13:     layout_roguey, portal_ice_cave_demonic_guard, chequers_jeans
D:14:     layout_long_grid, grunt_vaults_entry_fortified, fiery_altar_vehumet,
          minmay_fractal_squares_diagonal_5
Temple:   nicolae_temple_superstar

Skill      XL: |  1  2  3  4  5  6  7  8  9 10 11 12 13 |
---------------+----------------------------------------+-----
Fighting       | 3 4 5 7 9 10 11 12 13 | 13.5
Ranged Weapons | 5 6 7 8 10 11 13 15 16 17 | 17.3
Armour         | 2 6 8 9 |  9.3
Dodging        | |  1.5
Stealth        | |  1.1

Action                     |  1- 3 |  4- 6 |  7- 9 | 10-12 | 13-15 || total
---------------------------+-------+-------+-------+-------+-------++-------
   Fire: Shortbow          |    94 |   179 |   357 |    83 |       ||   713
         Arbalest          |       |       |       |   239 |       ||   239
         Triple crossbow   |       |       |       |    32 |    48 ||    80
    Use: Scroll            |       |     2 |    14 |    11 |       ||    27
         Potion            |       |     4 |     3 |    10 |     2 ||    19
 Armour: Leather armour    |    12 |    65 |    97 |       |       ||   174
         Acid dragon scale |       |       |    14 |   146 |    38 ||   198
  Dodge: Dodged            |    21 |   107 |   152 |   159 |    29 ||   468

Table legend: (Time is in decaauts)
 A = Elapsed time spent in this place.
 B = Non-inter-level travel time spent in this place.
 C = Inter-level travel time spent in this place.
 D = Time resting spent in this place.
 E = Time spent auto-exploring this place.
 F = Levels seen in this place.
 G = Mean time per level.
                   A        B        C        D        E       F      G
               +--------+--------+--------+--------+--------+-----+--------+
         Total |  12787 |  12211 |    576 |   1098 |   8995 |  15 |  852.5 |
       Dungeon |  11616 |  11045 |    571 |   1098 |   8098 |  13 |  893.5 |
        Temple |    132 |    127 |      5 |      0 |    100 |   1 |  132.0 |
      Ice Cave |   1038 |   1038 |      0 |      0 |    797 |   1 | 1038.0 |
               +--------+--------+--------+--------+--------+-----+--------+

Top non-repeatable levels by time:
     D:3: 1359 daAuts
     D:7: 1316 daAuts
     D:4: 1206 daAuts
   IceCv: 1038 daAuts
     D:2: 1037 daAuts
     D:9: 975 daAuts
     D:1: 905 daAuts
     D:6: 873 daAuts
     D:8: 799 daAuts
    D:10: 785 daAuts
    D:13: 775 daAuts
     D:5: 697 daAuts
    D:14: 572 daAuts
    D:11: 313 daAuts
  Temple: 132 daAuts
